[Event "***Titled Tuesday 3|2 Blitz"]
[Site "Chess.com"]
[Date "2017.02.07"]
[Round "4"]
[White "gammagramma"]
[Black "Janosik"]
[Result "0-1"]
[WhiteElo "2443"]
[BlackElo "2623"]
[TimeControl "180+2"]
[EndTime "14:00:28 PST"]
[Termination "Janosik won by checkmate"]

1. d4 Nf6 2. Bg5 d5 3. e3 Nbd7 4. Nd2 h6 5. Bf4 c5 6. c3 e6 7. h3 Be7 8. Ngf3 O-O 9. Bd3 c4 10.
Bc2 b5 11. a3 Bb7 12. O-O a5 13. Ne5 b4 14. axb4 axb4 15. Rxa8 Qxa8 16. Qa1 b3 17. Qxa8 Rxa8 18. Bb1 Nb6 19. f3 Na4 20. Ndxc4 dxc4 21. Nxc4 Ba6 22. Bd3 Bxc4 23. Bxc4 Nxb2 24. Bxb3 Ra3 25. Bc2 Rxc3 26. Rf2 g5 27. Be5 Rxe3 28. f4 Nd5 29.
f5 Nc4 30. fxe6 fxe6 31. Bb8 Re1+ 32. Kh2 Bd6+ 33. Bxd6 Nxd6 34. Bb3 Kg7 35. Ra2 Nf5 36. Ra7+ Kf6 37. Ra6 Nfe7 38. Ra8 Re4 39. Rf8+ Kg7 40. Rf1 Rxd4 41. Re1 Kf6 42. Rf1+ Rf4 43. Re1 h5 44.
Kg3 h4+ 45. Kh2 Nf5 46. Ra1 Rb4 47. Bd1 Nd4 48. Bg4 Ne3 49. Bh5 Rb2 50. Rg1 e5 51.
Kh1 Kf5 52. Ra1 Nxg2 53. Bg4+ Ke4 54. Rf1 Ne3 55. Rf8 Nxg4 56. hxg4 Ke3 57. Rf1 e4 58. Rd1 Ne2 59. Ra1 Ng3+ 60. Kg1 Ne2+ 61. Kh1 Kf4 62.
Rf1+ Kxg4 63. Ra1 h3 64. Kh2 Ng3+ 65. Kg1 Rg2# 0-1

[Event "***Titled Tuesday 3|2 Blitz"]
[Site "Chess.com"]
[Date "2017.02.07"]
[Round "4"]
[White "lucasmito"]
[Black "macko06"]
[Result "0-1"]
[WhiteElo "1765"]
[BlackElo "2369"]
[TimeControl "180+2"]
[EndTime "14:00:30 PST"]
[Termination "macko06 won by checkmate"]

1. e4 e6 2. d4 d5 3. exd5 exd5 4.
Bd3 c5 5. c3 Nc6 6. Ne2 Nf6 7.
O-O Be7 8. Bf4 O-O 9. h3 Be6 10. dxc5 Bxc5 11. b4 Bb6 12. a3 Ne4 13. c4 Nxf2 14.
Rxf2 dxc4 15. Be4 Qxd1+ 16. Kh2 Bxf2 17. Nbc3 Qd7 18. Rd1 Qc8 19. b5 Ne7 20. Bd6 Re8 21. Rf1 Bc5 22. Bg3 Nf5 23. Be1 Bd6+ 24. g3 Ne3 25. Rf3 Nc2 26. Bxc2 Bxh3 27. Ne4 Bxa3 28. Rxa3 Qg4 29. Nf4 Bf1 30. Nf2 Qg5 31. Ra1 Qh6+ 32.
Kg1 Bd3 33. N2xd3 cxd3 34. Bxd3 a6 35. bxa6 bxa6 36. Bxa6 Rxa6 37. Rxa6 Qxa6 38. Bf2 Qa1+ 39. Kg2 Qa2 40. Kf3 Qb3+ 41. Kg2 Qb7+ 42. Kf1 g5 43.
Nh3 h6 44. Ng1 Qh1 45. g4 h5 46.
gxh5 Qxh5 47. Kg2 g4 48. Bg3 Re2+ 49. Nxe2 Qd5+ 50. Kf2 Qf3+ 51. Ke1 f5 52. Kd2 Kf7 53. Ke1 Kf6 54. Kd2 Qd5+ 55. Ke1 Qe4 56. Kf2 Ke6 57. Kg1 Qxe2 58. Bf2 f4 59. Kg2 Kf5 60. Kg1 g3 61.
Bb6 f3 62. Bf2 Qd1+ 63. Be1 Qxe1# 0-1

[Event "***Titled Tuesday 3|2 Blitz"]
[Site "Chess.com"]
[Date "2017.02.07"]
[Round "4"]
[White "latigre"]
[Black "HouseOfDurin"]
[Result "0-1"]
[WhiteElo "1749"]
[BlackElo "1899"]
[TimeControl "180+2"]
[EndTime "14:00:38 PST"]
[Termination "HouseOfDurin won by checkmate"]

1. e4 c5 2. Nc3 Nc6 3. f4 e5 4. f5 g6 5. fxg6 hxg6 6. Nf3 Bg7 7.
Bc4 d6 8. O-O Be6 9. Bxe6 fxe6 10.
d3 Qe7 11. Qe1 O-O-O 12. Qg3 Nd4 13. Bg5 Bf6 14. Bxf6 Nxf6 15. Nxd4 exd4 16. Nb5 a6 17. Na3 Nh5 18. Qg4 Rdg8 19. Rf3 Rh7 20. Raf1 Kd7 21. Nc4 b5 22. Nd2 Rgg7 23. e5 d5 24. R1f2 Rf7 25. Nf1 Rxf3 26. Qxf3 Ng7 27. Qf7 Nf5 28. Qxe7+ Kxe7 29. Rf3 Rh4 30. h3 c4 31. Kf2 cxd3 32. cxd3 a5 33.
g4 Ng7 34. Kg3 Rh8 35. Rf6 Rf8 36. g5 Nf5+ 37. Kf4 Rxf6 38. gxf6+ Kf7 39. Kg5 Ne3 40. Ng3 Nd1 41. b3 Nb2 42. Ne2 Nxd3 43. Nxd4 Nxe5 44. h4 a4 45. bxa4 bxa4 46. a3 Nd7 47.
Nxe6 Kxe6 48. Kxg6 Nxf6 49. Kg5 d4 50. Kf4 Kd5 51. Kf3 Kc4 52. Ke2 d3+ 53. Kd2 Ne4+ 54. Kd1 d2 55. h5 Kd3 56. h6 Nf2# 0-1

[Event "***Titled Tuesday 3|2 Blitz"]
[Site "Chess.com"]
[Date "2017.02.07"]
[Round "4"]
[White "Zlatan56"]
[Black "VMikhalevski"]
[Result "1-0"]
[WhiteElo "2646"]
[BlackElo "2510"]
[TimeControl "180+2"]
[EndTime "14:01:07 PST"]
[Termination "Zlatan56 won by resignation"]

1. Nf3 d5 2. g3 Bg4 3. Bg2 Nd7 4.
c4 e6 5. cxd5 exd5 6. O-O Ngf6 7.
d3 c6 8. h3 Bh5 9. Nc3 Bc5 10. Qb3 Bb6 11. Na4 O-O 12. Nxb6 axb6 13. Qc2 b5 14. b3 Re8 15. Bb2 Qe7 16. Rfe1 Qc5 17. Qd2 Re7 18. Nd4 Bg6 19. a3 Rae8 20. Kh2 h6 21. a4 bxa4 22. bxa4 Nh7 23. e3 Qa7 24. f4 Nhf6 25. a5 Nc5 26. Bf1 Nfd7 27.
Ba3 Ra8 28. a6 Ree8 29. axb7 Qxb7 30. Qc3 Na4 31. Qxc6 Qxc6 32. Nxc6 Nac5 33. Bxc5 Nxc5 34. Rxa8 Rxa8 35. f5 Bh7 36. g4 g6 37. Rc1 Nb3 38. Rc2 gxf5 39. gxf5 Kg7 40. Ne7 Ra5 41. Bg2 Kf6 42.
Nxd5+ Kxf5 43. Rf2+ Kg6 44. Nf6 Kg7 45. Nxh7 f5 46. Rb2 Rb5 47. Bc6 Rc5 48. Rxb3 Rxc6 49. Rb7+ Kg8 50. Kg3 Rd6 51. d4 Re6 52. Kf4 Re4+ 53.
Kxf5 Rxe3 54. Nf6+ Kf8 55. d5 h5 56. Ne4 Rxh3 57.
d6 Rd3 58. Ke6 Re3 59. d7 Rd3 60. Nd6 1-0

[Event "***Titled Tuesday 3|2 Blitz"]
[Site "Chess.com"]
[Date "2017.02.07"]
[Round "4"]
[White "Aguiar94"]
[Black "ABDELAZEEZ-M"]
[Result "1-0"]
[WhiteElo "2462"]
[BlackElo "2145"]
[TimeControl "180+2"]
[EndTime "14:01:09 PST"]
[Termination "Aguiar94 won by checkmate"]

1. e4 c5 2. Nf3 Nc6 3. Nc3 g6 4. d4 cxd4 5. Nxd4 Bg7 6. Nb3 Nf6 7. g4 d6 8. g5 Nd7 9. Be3 Nde5 10. Be2 Be6 11. Nd5 Bxd5 12. exd5 Nb8 13. Bd4 O-O 14. f4 Ned7 15. Bxg7 Kxg7 16. Qd4+ Kg8 17. h4 Qb6 18. Qe4 Nc5 19. Nxc5 Qxb2 20. Nb3 Nd7 21. c4 Nc5 22. Qd4 Qc2 23. Nxc5 dxc5 24. Qd2 Qe4 25. Kf2 f6 26. Qe3 Qc2 27.
Qd3 Qa4 28. Kg3 fxg5 29. hxg5 Qd7 30. Bg4 Qd6 31. Be6+ Kg7 32. Qc3+ Rf6 33. Rh4 Rf8 34. Rah1 h5 35. gxf6+ Rxf6 36. Qe5 Qb6 37. Rg1 Qb4 38. Kh3 Qxc4 39. Rxh5 Qd3+ 40. Kh4 Qd2 41. f5 Qf2+ 42. Qg3 Qd4+ 43. Kh3 Qe4 44. Qxg6+ Rxg6 45. Rxg6+ Kf8 46. Rg8# 1-0

[Event "***Titled Tuesday 3|2 Blitz"]
[Site "Chess.com"]
[Date "2017.02.07"]
[Round "4"]
[White "RoelandPruijssers"]
[Black "avto24"]
[Result "1-0"]
[WhiteElo "2480"]
[BlackElo "2371"]
[TimeControl "180+2"]
[EndTime "14:01:13 PST"]
[Termination "RoelandPruijssers won by resignation"]

1. e4 d5 2. exd5 Qxd5 3. Nc3 Qa5 4.
d4 Nf6 5. Bd2 c6 6. Bc4 Qc7 7. Nf3 Bg4 8. h3 Bxf3 9. Qxf3 e6 10.
O-O-O Nbd7 11. Rhe1 O-O-O 12. g4 Nb6 13. Bf4 Bd6 14.
Bxd6 Rxd6 15. Bb3 Nbd5 16. g5 Nxc3 17. Qxc3 Nd5 18. Qf3 Rhd8 19. c3 R6d7 20. Kb1 Nf4 21. h4 Kb8 22. h5 c5 23. dxc5 g6 24. hxg6 hxg6 25. Rxd7 Rxd7 26. Rd1 Rxd1+ 27. Qxd1 a6 28. Qd4 Ne2 29. Qe3 Nf4 30. Bc4 Kc8 31. Qd4 Nh5 32. a4 Qh2 33. Ka2 Kc7 34. b4 Qf4 35. b5 axb5 36.
axb5 Qxd4 37. cxd4 Nf4 38. Bf1 Nd5 39. Kb3 Ne7 40. Bg2 Nf5 41. Kc4 Nh4 42. Be4 Kc8 43. d5 Kd7 44. Kd4 exd5 45. Kxd5 Kc7 46. Ke5 b6 47. c6 Kd8 48. Kf6 Ke8 49. Ke5 Ke7 50. Kd5 Kd8 51. Kd6 Kc8 52. Ke7 Kb8 53. Kd8 Ka7 54.
c7 Nf5 55. Bxf5 f6 56. c8=Q fxg5 57. Kc7 1-0

[Event "***Titled Tuesday 3|2 Blitz"]
[Site "Chess.com"]
[Date "2017.02.07"]
[Round "4"]
[White "olgerts_indricans"]
[Black "Generalas"]
[Result "0-1"]
[WhiteElo "2311"]
[BlackElo "2193"]
[TimeControl "180+2"]
[EndTime "14:01:14 PST"]
[Termination "Generalas won by resignation"]

1. e4 e5 2. Nf3 Nc6 3. Bc4 Nf6 4.
d3 Be7 5. O-O O-O 6. c3 d5 7.
exd5 Nxd5 8. Re1 Bg4 9. h3 Bh5 10. Nbd2 Nb6 11. Bb5 Bd6 12. Ne4 f5 13. Ng3 Bg6 14. Bg5 Qd7 15. Nxe5 Bxe5 16. Rxe5 f4 17. Nh5 f3 18. Nf4 Qd6 19. Nxg6 Qxg6 20. Bxc6 bxc6 21.
g3 h6 22. Be7 Rf7 23. Bc5 Nd7 24. Qe1 Nxe5 25. Qxe5 Qxd3 26. Re1 Qd5 27. Qe3 Qxa2 28. b4 a5 29. Qe4 Qd5 30. Qb1 a4 31. Rd1 Qc4 32. Qg6 Rf6 33. Qh5 Qf7 34. Qg4 Qe6 35. Qh4 a3 36. Bd4 Rf7 37. Ra1 Qc4 38. Qe4 a2 39. Qc2 Re7 40. Qg6 Rf7 41. Qc2 Ra3 42.
Qb2 Re7 43. Qxa3 Re2 44. Qc1 Qb3 45. c4 Qd3 46. Be3 Rc2 47. Qd1 Qxc4 48. Qd8+ Kh7 49.
Qd1 Qc3 50. Bd4 Qc4 51. Be5 Re2 52. Bf4 Qxb4 53. Qd3+ Kg8 54. Qxf3 Rb2 55. Be5 Rb1+ 56. Kg2 Qe1 57. Rxb1 axb1=Q 58. g4 Qh1+ 59. Kg3 Qbg1+ 60. Kf4 Qxf3+ 61. Kxf3 c5 0-1

[Event "***Titled Tuesday 3|2 Blitz"]
[Site "Chess.com"]
[Date "2017.02.07"]
[Round "4"]
[White "PaulfromSPb"]
[Black "Vegan4future"]
[Result "1-0"]
[WhiteElo "2473"]
[BlackElo "2426"]
[TimeControl "180+2"]
[EndTime "14:01:17 PST"]
[Termination "PaulfromSPb won by resignation"]

1. e4 Nc6 2. Nf3 f5 3. e5 d6 4. exd6 e5 5. dxc7 Qxc7 6. d3 Nf6 7.
Nc3 a6 8. Bg5 Be7 9. Qd2 Be6 10.
Be2 O-O 11. O-O Rad8 12. Bxf6 Bxf6 13. Ng5 Bc8 14. Rfe1 h6 15. Nh3 b5 16. f4 b4 17. Na4 Bb7 18. Bf1 exf4 19. Nxf4 Bg5 20.
Ne6 Bxd2 21. Nxc7 Bxe1 22. Rxe1 Rc8 23. Nd5 Kh8 24. Nc5 Ba8 25. Nxa6 Nd4 26. Ne7 Rxc2 27. Ng6+ Kg8 28. Nxf8 Kxf8 29. Nxb4 Rxb2 30. a3 Rb3 31. Ra1 g5 32. Kf2 f4 33. Ra2 g4 34. Nc2 Nf5 35.
a4 h5 36. g3 fxg3+ 37. hxg3 h4 38. gxh4 g3+ 39. Ke2 g2 40. Bxg2 Bxg2 41. h5 Ba8 42. Kd2 Kg7 43. a5 Kh6 44. a6 Rb8 45. Ra5 Ng7 46.
a7 Rd8 47. Ne3 Nxh5 48. Ng4+ Kg6 49. Ne5+ Kg7 50. Nc4 Nf6 51. Nb6 Ne8 52. Rc5 Kf7 53. Kc3 Ke6 54. d4 Nd6 55. d5+ Ke5 56. Kb4 Ne4 57.
Rb5 Nd6 58. Rc5 Nb7 59. Nc4+ Ke4 60. Rb5 Nd6 61. Rb8 Bxd5 62. Rxd8 Nxc4 63. Rxd5 Nb6 64. Rd8 1-0

[Event "***Titled Tuesday 3|2 Blitz"]
[Site "Chess.com"]
[Date "2017.02.07"]
[Round "4"]
[White "Wolverine_master"]
[Black "AungTZ"]
[Result "0-1"]
[WhiteElo "1982"]
[BlackElo "2065"]
[TimeControl "180+2"]
[EndTime "14:01:18 PST"]
[Termination "AungTZ won by resignation"]

1. Nf3 d5 2. g3 Nf6 3. Bg2 c5 4.
O-O e6 5. d4 Be7 6. c4 O-O 7. Qc2 cxd4 8. Nxd4 Nc6 9. Rd1 Qb6 10.
Nxc6 bxc6 11. cxd5 cxd5 12. Be3 Qa5 13. Nc3 Ba6 14.
Bd4 Rfc8 15. a3 Qc7 16. f4 Rab8 17. b4 Bc4 18. e4 a5 19. exd5 Bxd5 20. Qb2 Bxg2 21.
Kxg2 axb4 22. axb4 Rxb4 23. Qd2 Qb7+ 24. Kg1 Rb2 25. Ra7 Rxd2 26. Rxb7 Rxd4 27. Rxe7 Rxd1+ 28. Nxd1 Rc1 29. Rb7 Rxd1+ 30. Kg2 g6 31. h4 h5 32. Kf3 Rd3+ 33. Kf2 Ng4+ 34. Kg2 Kg7 35. Rb5 Kf6 36. Rb2 Rc3 37. Ra2 Rc2+ 38. Rxc2 Ne3+ 39. Kf3 Nxc2 40. Ke4 Ke7 41. Kd3 Nb4+ 42. Kc4 Nd5 43. Kd4 Nf6 44. Ke3 Kd6 45. Kd3 Kd5 46. Ke3 Ng4+ 47.
Kf3 Kd4 48. f5 gxf5 49. Kf4 f6 50. Kf3 e5 51. Kg2 Ke4 52. Kh3 Ke3 53. Kg2 f4 54.
gxf4 exf4 55. Kh3 f3 56. Kg3 f2 57. Kg2 Nh2 58. Kg3 f5 59. Kxh2 f1=Q 60. Kg3 f4+ 61.
Kh2 Qf2+ 62. Kh1 Qa2 63. Kg1 Kf3 0-1

[Event "***Titled Tuesday 3|2 Blitz"]
[Site "Chess.com"]
[Date "2017.02.07"]
[Round "4"]
[White "alekroth64"]
[Black "Incognito_Knight"]
[Result "0-1"]
[WhiteElo "2222"]
[BlackElo "2293"]
[TimeControl "180+2"]
[EndTime "14:01:22 PST"]
[Termination "Incognito_Knight won by checkmate"]

1. d4 Nf6 2. c4 e6 3. Nf3 c5 4. d5 b5 5. Bg5 b4 6. e4 d6 7. a3 a5 8. Bd3 Be7 9. O-O O-O 10.
Nbd2 e5 11. axb4 cxb4 12. c5 dxc5 13. Nxe5 Nxd5 14. exd5 Bxg5 15. Ndc4 Bf6 16. Qf3 Bb7 17. Nc6 Nxc6 18. dxc6 Bxc6 19. Bxh7+ Kxh7 20. Qxc6 Qd4 21.
Rfc1 Rfd8 22. g3 Re8 23. Rxa5 Rxa5 24. Qxe8 Ra7 25. Qe3 Qxe3 26. fxe3 Ra2 27. Rc2 b3 28. Rd2 Ra1+ 29. Kf2 Rc1 30. Na3 c4 31. Ke2 c3 32. bxc3 Bxc3 33. Rd1 b2 34. Nb1 Bb4 35. Rf1 Kg6 36. Rd1 Kf5 37. Rd5+ Ke6 38. Rd1 Ke5 39. Rf1 f5 40. Rd1 g5 41. Rf1 Ke4 42. h4 Rxf1 43.
Kxf1 gxh4 44. gxh4 Kd3 45. h5 Kc2 46. h6 Kxb1 47. h7 Bc3 48. Ke2 Bh8 49. Kf3 Kc2 50.
Kf4 b1=Q 51. Kxf5 Kd3 52. e4 Kd4 53. Ke6 Qxe4+ 54. Kd6 Qd5+ 55. Ke7 Ke5 56. Kf8 Qd7 57.
Kg8 Qg7# 0-1

[Event "***Titled Tuesday 3|2 Blitz"]
[Site "Chess.com"]
[Date "2017.02.07"]
[Round "4"]
[White "tigra"]
[Black "FairChess_on_YouTube"]
[Result "1/2-1/2"]
[WhiteElo "2570"]
[BlackElo "2742"]
[TimeControl "180+2"]
[EndTime "14:01:32 PST"]
[Termination "Game drawn - insufficient material"]

1. c4 e5 2. g3 g6 3. Bg2 Bg7 4.
Nc3 Ne7 5. e4 c5 6. d3 Nbc6 7.
Be3 d6 8. Qd2 Nd4 9. f4 O-O 10.
Nf3 a6 11. O-O Bg4 12. Ng5 exf4 13. gxf4 h6 14. Nh3 f5 15. Kh1 b5 16. cxb5 axb5 17.
Bxd4 cxd4 18. Nxb5 fxe4 19. dxe4 Qb6 20. a4 Bd7 21.
Nf2 Ra6 22. Rfc1 d5 23. e5 Bxb5 24. axb5 Rxa1 25. Rxa1 Qxb5 26. Qxd4 Qc4 27. Qxc4 dxc4 28. Nh3 g5 29. fxg5 Bxe5 30. Bf1 Rc8 31. Re1 Ng6 32.
Re4 Bxb2 33. Bxc4+ Kg7 34. Kg2 Rc5 35. gxh6+ Kxh6 36. Nf2 Kg7 37. Bd3 Rg5+ 38. Kf1 Ne5 39. Bc2 Nf3 40.
Re7+ Kf8 41. Rb7 Rg1+ 42. Ke2 Nd4+ 43. Kd3 Nxc2 44. Rxb2 Ne1+ 45. Ke4 Rg2 46. h3 Rh2 47. Kf5 Nf3 48. Kf6 Ke8 49. Rc2 Kd7 50. Re2 Ng1 51. Re7+ Kc6 52. Re6+ Kb5 53. Re5+ Ka6 54. Ne4 Rxh3 55. Ke6 Nf3 56. Rd5 Rh4 57. Nc5+ Kb5 58. Nd3+ Kc4 59. Ne5+ Nxe5 60. Rxe5 Rh6+ 61. Kf7 Rd6 62. Re6 Rxe6 63. Kxe6 1/2-1/2

[Event "***Titled Tuesday 3|2 Blitz"]
[Site "Chess.com"]
[Date "2017.02.07"]
[Round "4"]
[White "Yaacovn"]
[Black "WanderingPuppet"]
[Result "1-0"]
[WhiteElo "2586"]
[BlackElo "2321"]
[TimeControl "180+2"]
[EndTime "14:01:43 PST"]
[Termination "Yaacovn won by resignation"]

1. d4 Nf6 2. Nf3 g6 3. c4 Bg7 4. Nc3 O-O 5. g3 Nc6 6. Bg2 d6 7. O-O a6 8. b3 Bd7 9. Bb2 e5 10. e3 Re8 11. Qc2 Bf5 12. Qd2 Ne4 13. Nxe4 Bxe4 14. Rad1 exd4 15. Nxd4 Bxg2 16. Kxg2 Nxd4 17. Bxd4 Bxd4 18. Qxd4 Qe7 19. Kg1 Qe5 20. Qd5 Rab8 21.
Rd2 Qc3 22. Rfd1 Re5 23. Qd4 Qxd4 24. Rxd4 Rbe8 25. Kg2 h5 26. h4 Kg7 27. Rd5 f5 28. Kf3 R8e7 29. Ke2 Kf6 30. R5d4 Re8 31. R1d2 Ra8 32.
Kf3 a5 33. a3 b6 34. R4d3 Ra7 35. Rd5 Ra8 36. Rxe5 Kxe5 37. Rd5+ Kf6 38. Kf4 Re8 39.
Rd4 Re5 40. Kf3 Re8 41. Rd1 Re5 42. Ke2 Re8 43. Kd3 Re4 44. Rc1 Ke7 45. b4 axb4 46. axb4 Kd7 47. b5 Re8 48. Ra1 Rc8 49. Kd4 Ke6 50. e4 fxe4 51. Kxe4 Rf8 52. f3 Rf7 53. Ra8 Kf6 54. Re8 Rd7 55. Kd5 Rf7 56. Kc6 g5 57. hxg5+ Kxg5 58. Re3 h4 59. gxh4+ Kxh4 60. Re8 Kg3 61.
Rc8 Rf4 62. Rxc7 Rxc4+ 63. Kxd6 Rb4 64. Kc6 Kxf3 65. Re7 Kf4 66. Kxb6 Kf5 67. Re1 Kf4 68. Kc5 Rb2 69. Rc1 Ke4 70. b6 Ke5 71. Kc6 1-0

[Event "***Titled Tuesday 3|2 Blitz"]
[Site "Chess.com"]
[Date "2017.02.07"]
[Round "4"]
[White "johnathan113"]
[Black "Alliswell998"]
[Result "1-0"]
[WhiteElo "2353"]
[BlackElo "2128"]
[TimeControl "180+2"]
[EndTime "14:01:44 PST"]
[Termination "johnathan113 won by checkmate"]

1. e4 c5 2. Nf3 d6 3. d4 cxd4 4. Nxd4 Nf6 5. Nc3 a6 6. Be2 e5 7. Nb3 Be7 8. Bg5 Be6 9. Bxf6 Bxf6 10.
Qd3 O-O 11. O-O-O Be7 12. Nd5 Bxd5 13. Qxd5 Qc7 14. Kb1 Nd7 15. Nd2 b5 16. Nf1 Nb6 17. Qd3 Rac8 18. Ne3 Rfd8 19. c3 Bf8 20. Bg4 Rb8 21.
Nd5 Nxd5 22. Qxd5 Qc5 23. Rd3 Qxd5 24. Rxd5 Be7 25. g3 g6 26. f4 exf4 27. gxf4 Kg7 28.
Rhd1 h5 29. Be2 Rbc8 30. a4 bxa4 31. Ra5 Rb8 32. Rxa4 Bf6 33. Kc2 Re8 34. Rxd6 Bd8 35. Rdxa6 Bc7 36. e5 g5 37. Rc4 Re7 38. Ra7 Bd6 39.
Rxe7 Bxe7 40. f5 f6 41. Rc7 Kf8 42. exf6 Bxf6 43. Bxh5 Kg8 44. Bf7+ Kh8 45. h3 Rf8 46. Be6 Be5 47. Rc8 Kg7 48. b4 Rf6 49. b5 Rh6 50. b6 Kf6 51. b7 Rxh3 52. b8=Q Bxb8 53. Rxb8 g4 54. Rf8+ Ke5 55. Rg8 g3 56. Kb3 Kf6 57.
Bc8 Kf7 58. Rg4 Kf6 59. Bd7 Ke7 60. Bc6 Kf6 61. Bg2 Rh2 62. Rxg3 Kxf5 63. Bd5 Ke5 64. c4 Kd4 65. Kb4 Rb2+ 66. Rb3 Rc2 67. Kb5 Rc1 68. Kc6 Rg1 69. Kd6 Rg6+ 70. Be6 Rg5 71. Rb1 Ra5 72.
Rd1+ Kc3 73. c5 Kb4 74. c6 Ra6 75. Bc8 Ra8 76. c7 Rxc8 77. Kd7 Rg8 78. Re1 Rg7+ 79. Re7 Rg8 80. c8=Q Rg5 81. Re4+ Ka5 82. Qc3+ Ka6 83. Ra4+ Kb7 84. Qc7# 1-0

[Event "***Titled Tuesday 3|2 Blitz"]
[Site "Chess.com"]
[Date "2017.02.07"]
[Round "4"]
[White "SCIM"]
[Black "3f32"]
[Result "1/2-1/2"]
[WhiteElo "2274"]
[BlackElo "2348"]
[TimeControl "180+2"]
[EndTime "14:01:53 PST"]
[Termination "Game drawn - insufficient material"]

1. d4 Nf6 2. c4 e6 3. Nc3 Bb4 4.
Qc2 d5 5. cxd5 exd5 6. Bg5 c5 7. dxc5 h6 8. Bh4 g5 9. Bg3 Ne4 10. e3 Qa5 11. Rc1 Qxa2 12. Bxb8 Bxc3+ 13. bxc3 Qxc2 14. Rxc2 Rxb8 15. c4 Be6 16. cxd5 Bxd5 17. f3 Nf6 18. e4 Bb3 19. Rb2 Be6 20. c6 b6 21. Bb5 Ke7 22.
Ne2 Ne8 23. Kf2 Nc7 24. Ra1 Ra8 25. Nd4 Rhd8 26. Ke3 Rd6 27. g3 a6 28. Be2 b5 29.
f4 Rad8 30. Rd2 f6 31. h4 gxh4 32. gxh4 Rg8 33. Bf3 Rg3 34. Rad1 Kf7 35. Nxe6 Rxd2 36. Nd8+ Rxd8 37. Rxd8 Rg7 38. Bh5+ Ke6 39. f5+ Ke5 40. Rd7 Rg3+ 41. Kf2 Rc3 42. Rxc7 b4 43. Rb7 b3 44. c7 a5 45. Rxb3 Rxc7 46. Bf3 Kf4 47. Rb2 a4 48. Ra2 Rc3 49. Be2 a3 50. Bf1 Kxe4 51. Be2 Rb3 52. Rd2 Rb2 53. Bd3+ Kf4 54. Rxb2 axb2 55.
Bb1 Kg4 56. Ke3 Kxh4 57. Kd4 h5 58. Kd5 Kg5 59. Ke4 Kg4 60. Ke3 Kg3 61. Ke2 Kg2 62.
Kd2 h4 63. Kc3 h3 64. Kxb2 h2 65. Kc3 Kf3 66. Kd4 Kf4 67. Be4 h1=Q 68. Bxh1 Kxf5 69. Ke3 Ke5 70. Kf2 f5 71. Bg2 f4 72. Bf1 f3 73.
Bh3 Kf4 74. Bg2 Ke5 75. Kxf3 1/2-1/2

[Event "***Titled Tuesday 3|2 Blitz"]
[Site "Chess.com"]
[Date "2017.02.07"]
[Round "4"]
[White "jncool68"]
[Black "hansen"]
[Result "1/2-1/2"]
[WhiteElo "2527"]
[BlackElo "2631"]
[TimeControl "180+2"]
[EndTime "14:02:02 PST"]
[Termination "Game drawn by agreement"]

1. e4 c5 2. Nf3 Nc6 3. Nc3 e6 4. d4 cxd4 5. Nxd4 Qc7 6. Be3 a6 7. a3 Nf6 8. f4 Nxd4 9. Qxd4 d6 10.
O-O-O Be7 11. Be2 O-O 12. g4 b5 13. g5 Nd7 14. h4 Bb7 15. h5 Rfe8 16. h6 Bf8 17. hxg7 Bxg7 18. Qd3 Nc5 19. Bxc5 Qxc5 20.
Qh3 Kf8 21. Qxh7 Rac8 22. Bd3 b4 23. axb4 Qxb4 24. f5 exf5 25. exf5 Bxc3 26. bxc3 Qa3+ 27. Kb1 Bd5 28. Qh8+ Ke7 29. Qf6+ Kd7 30. Bb5+ axb5 31. Rxd5 Ra8 32. c4 Qa2+ 33. Kc1 Qa1+ 34. Kd2 Qxf6 35. gxf6 bxc4 36. Rh7 Kc6 37. Rd4 Kc5 38. Rg4 Ra7 39. Rgg7 Rf8 40. Rh3 d5 41. Re3 Ra6 42. Rg1 Rxf6 43.
Ra1 Rb8 44. Re5 Kd4 45. Re7 Rb2 46. Rf1 c3+ 47. Kc1 Ra6 48. Rf4+ Kc5 49. Rc7+ Kd6 50.
Rxc3 Rba2 51. f6 R2a4 52. Rf5 Ke6 53. Rf2 Re4 54. Rc7 Ra1+ 55. Kb2 Ra8 56. Re7+ Kd6 57. Rxf7 Rb8+ 58. Kc1 Re6 59. Ra7 Rf8 60. f7 Re7 61. Ra6+ Kc5 62. Raf6 Re4 63. Kd2 Rh4 64. c3 Rh3 65.
Rg6 Rh7 66. Rgf6 Rh3 67. R6f5 Rg3 68. R2f3 Rg2+ 69. Kd3 Rg4 70. Re3 Rg7 71. Re7 Kd6 72. Ree5 Rfxf7 73. Rxd5+ Kc6 74. Rxf7 Rxf7 75. Rh5 Rf4 76.
c4 Rg4 77. Kc3 Rg1 78. Kb4 Rb1+ 79. Kc3 Rc1+ 80. Kb3 Rb1+ 81. Kc2 Rg1 82. Kc3 Rc1+ 83. Kd3 Rd1+ 1/2-1/2

[Event "***Titled Tuesday 3|2 Blitz"]
[Site "Chess.com"]
[Date "2017.02.07"]
[Round "4"]
[White "abubakrtagelsir"]
[Black "ER404"]
[Result "1/2-1/2"]
[WhiteElo "2134"]
[BlackElo "2151"]
[TimeControl "180+2"]
[EndTime "14:02:37 PST"]
[Termination "Game drawn - insufficient material"]

1. e4 c6 2. d4 d5 3. Nc3 dxe4 4.
Nxe4 Nd7 5. Nf3 Ngf6 6. Nxf6+ Nxf6 7. Bd3 Bf5 8. O-O Bxd3 9. Qxd3 e6 10. Qb3 Qc7 11. Bg5 Be7 12. Bh4 O-O 13. Bg3 Bd6 14.
Ne5 c5 15. Rfe1 cxd4 16. Rad1 Rfd8 17. Rxd4 Rac8 18. Rc4 Qb8 19. Rxc8 Rxc8 20. Nc4 Bxg3 21. hxg3 Qc7 22. Ne3 Rd8 23. Qb4 h5 24. c4 Rd4 25. b3 h4 26. Qc3 Re4 27. gxh4 Rxh4 28. g3 Re4 29. Ng2 Qc5 30. Rxe4 Qxf2+ 31. Kxf2 Nxe4+ 32. Ke3 Nxc3 33. a4 Kf8 34. Nf4 Ke7 35. Kd4 Na2 36. Nd3 f6 37. b4 e5+ 38. Ke3 b6 39. Kd2 e4 40. Nf2 f5 41. b5 Nb4 42.
Kc3 a5 43. Nd1 Kd6 44. Ne3 Ke5 45. c5 bxc5 46. Nc4+ Kd5 47. Nxa5 g5 48. Nb3 f4 49. gxf4 gxf4 50. a5 e3 51. a6 Kd6 52. a7 Nd5+ 53. Kd3 Nb6 54. Ke2 c4 55. Nd4 Kc5 56. Ne6+ Kxb5 57. Nxf4 Ka6 58. Kxe3 Kxa7 59. Kd4 Ka6 60. Ne2 Kb5 61. Nc3+ Kb4 62. Ne4 Na4 63. Ke3 Nc3 64.
Nd6 Nd5+ 65. Kd4 c3 66. Kd3 Nf4+ 67. Kc2 Ne2 68. Nf5 Kc4 69. Ne3+ Kb4 70. Nd5+ Kc4 71. Nxc3 Nxc3 1/2-1/2

[Event "***Titled Tuesday 3|2 Blitz"]
[Site "Chess.com"]
[Date "2017.02.07"]
[Round "4"]
[White "olomi007"]
[Black "ftorodent"]
[Result "0-1"]
[WhiteElo "2508"]
[BlackElo "2513"]
[TimeControl "180+2"]
[EndTime "14:02:48 PST"]
[Termination "ftorodent won by resignation"]

1. e4 e6 2. d4 d5 3. Nd2 Be7 4.
Ngf3 c5 5. exd5 Qxd5 6. Bc4 Qd8 7.
O-O cxd4 8. Nb3 Nf6 9. Qe2 O-O 10. Rd1 Qc7 11. Nbxd4 a6 12. Ne5 b5 13. Bd3 Bb7 14.
Bf4 Qc8 15. c4 bxc4 16. Nxc4 Nd5 17. Be5 Nd7 18. Bxh7+ Kxh7 19. Qh5+ Kg8 20. Bxg7 Kxg7 21. Qg4+ Kh8 22. Qh5+ Kg7 23. Rd3 Rg8 24. Rg3+ Kf8 25. Qh6+ Ke8 26. Rxg8+ Nf8 27. Rc1 Qd8 28. Nxe6 fxe6 29.
Qh5+ Kd7 30. Ne5+ Kd6 31. Nf7+ Kd7 32. Nxd8 Rxd8 33. Qf7 Nf6 34. Rg7 Nd5 35. h4 Kd6 36. h5 Bc6 37. h6 Be8 38. Qf3 Bg6 39. Qa3+ Kd7 40. Qa4+ Kd6 41. Qc6+ Ke5 42. Re1+ Kf6 43. Rxg6+ Kxg6 44. Rxe6+ Nxe6 45. Qxe6+ Bf6 46. Qxa6 Nf4 47. Qa4 Ne2+ 48. Kf1 Nd4 49. g3 Nf5 50. Qg4+ Bg5 51. h7 Rh8 52. Qe4 Kf6 53. g4 Ng7 54. Qd4+ Kg6 55. Qe4+ Kh6 56. f4 Bh4 57. g5+ Kh5 58. Qe2+ Kg6 59. Qg4 Rxh7 60. a4 Nf5 61. Ke2 Re7+ 62.
Kd3 Rd7+ 63. Kc3 Be1+ 64. Kb3 Rd3+ 65. Ka2 Rd4 66. Ka3 Bb4+ 67. Kb3 Bd6 68. Qe2 Rb4+ 69.
Ka2 Rxa4+ 70. Kb1 Rxf4 71. Qe8+ Kxg5 72. Qg8+ Kf6 73. Qh8+ Ke6 74. Qe8+ Kd5 75. Qb5+ Bc5 76. Qd7+ Nd6 77. Ka2 Rf2 78. Qh7 Bd4 79. Qg8+ Kc5 80.
Qb3 Nc4 81. Qd3 Rxb2+ 82. Ka1 Rb3+ 83. Qxd4+ Kxd4 0-1

[Event "***Titled Tuesday 3|2 Blitz"]
[Site "Chess.com"]
[Date "2017.02.07"]
[Round "5"]
[White "SergeiAza"]
[Black "coalescenet"]
[Result "1-0"]
[WhiteElo "2508"]
[BlackElo "2310"]
[TimeControl "180+2"]
[EndTime "14:07:01 PST"]
[Termination "SergeiAza won by resignation"]

1. e4 c6 2. d4 d5 3. Nc3 dxe4 4.
Nxe4 Bf5 5. Ng3 Bg6 6. Nh3 e6 7. Nf4 Bd6 8. Ngh5 Nf6 9. Nxg7+ Kd7 10. h4 Bxf4 11. Bxf4 h5 12. Bg5 1-0

[Event "***Titled Tuesday 3|2 Blitz"]
[Site "Chess.com"]
[Date "2017.02.07"]
[Round "5"]
[White "Angry_Serb"]
[Black "Tesla37"]
[Result "0-1"]
[WhiteElo "2415"]
[BlackElo "2592"]
[TimeControl "180+2"]
[EndTime "14:07:56 PST"]
[Termination "Tesla37 won by resignation"]

1. e4 c5 2. Nc3 a6 3. Nf3 e6 4.
d4 cxd4 5. Nxd4 Nc6 6. Nxc6 bxc6 7. e5 Qc7 8. Qe2 Ne7 9. Bd2 Rb8 10. O-O-O Nd5 11.
f4 Qb6 12. b3 Ba3+ 13. Kb1 Qd4 14. Qd3 Qxd3 15. Bxd3 f6 16. Ne4 O-O 17. Rhf1 f5 18. Ng5 c5 19. c3 Bb7 20. Kc2 Rfc8 21. h3 Nb6 22. g4 c4 23. Be2 h6 24. Nf3 Be4+ 0-1

[Event "***Titled Tuesday 3|2 Blitz"]
[Site "Chess.com"]
[Date "2017.02.07"]
[Round "5"]
[White "kpio91"]
[Black "Feegus"]
[Result "1-0"]
[WhiteElo "2525"]
[BlackElo "2364"]
[TimeControl "180+2"]
[EndTime "14:08:47 PST"]
[Termination "kpio91 won by resignation"]

1. e4 e6 2. d4 d5 3. Nd2 Nc6 4. Ngf3 Nf6 5. e5 Nd7 6. Bd3 f6 7. exf6 Qxf6 8. Nf1 Bd6 9. Ne3 O-O 10.
O-O Re8 11. c4 dxc4 12. Bxc4 Nb6 13. Bb3 Ne7 14. Re1 Nbd5 15. Ng4 Qf5 16. h3 h6 17.
Bxh6 c6 18. Bd2 Bd7 19. Bc2 Qh5 20. Nfe5 Nf5 21. Nxd7 1-0